 Dungeon Crawl Stone Soup version 0.22-a0-362-g535178c (webtiles) character file.

307507 ObsidianBottle the Eclecticist (level 20, -1/120 HPs)
             Began as a Deep Elf Air Elementalist on Apr 20, 2018.
             Was the Champion of Ashenzari.
             Shot with a bolt by a vault warden (31 damage)
             ... on level 3 of the Vaults on Apr 21, 2018.
             The game lasted 04:45:38 (70478 turns).

ObsidianBottle the Eclecticist (DEAE)              Turns: 70478, Time: 04:45:39

Health: -1/120     AC: 16    Str:  5    XL:     20   Next: 67%
Magic:  4/45       EV: 25    Int: 30    God:    Ashenzari [******]
Gold:   881        SH: 15    Dex: 15    Spells: 0/57 levels left

rFire    + . .     SeeInvis +   Y - staff of air (curse)
rCold    . . .     Gourm    .   F - +3 shield "Romoz" {Slay+2} (curse)
rNeg     . . .     Faith    .   k - +2 robe {Archmagi}
rPois    .         Spirit   .   e - +2 helmet (curse)
rElec    +         Reflect  .   z - +2 cloak {MR+}
rCorr    .         Harm     .   T - +2 pair of gloves (curse)
MR       ++++.     Clarity  +   v - +2 pair of boots (curse)
Stlth    +++++.....             o - amulet of magic regeneration (curse)
HPRegen  1.30/turn              r - ring "Yciuhiud" {rF+ MR+} (curse)
MPRegen  0.54/turn              q - ring of wizardry

@: tornado, flying (expiring), very slightly contaminated, regenerating
A: no striking features
}: 1/15 runes: gossamer
a: Curse Item, Scrying, Transfer Knowledge, Renounce Religion


You were on level 3 of the Vaults.
You worshipped Ashenzari.
Ashenzari was exalted by your worship.
You were very hungry.

You visited 8 branches of the dungeon, and saw 38 of its levels.
You also visited: Sewer and Wizlab.

You collected 3912 gold pieces.
You spent 3031 gold pieces at shops.

Inventory:

Missiles
 t - 1180 stones (quivered)
Armour
 e - a cursed +2 helmet (worn)
 k - a +2 robe of the Archmagi (worn)
 v - a cursed +2 pair of boots (worn)
 z - a +2 cloak of magic resistance (worn)
 F - the cursed +3 shield "Romoz" (worn) {Slay+2}
   (You found it on level 3 of the Shoals)

   It affects your accuracy and damage with ranged weapons and melee attacks
   (+2).
   It has a curse placed upon it.
 T - a cursed +2 pair of gloves (worn)
Magical Staves
 Y - a cursed staff of air (weapon)
Jewellery
 n - an uncursed ring of protection from cold
 o - a cursed amulet of magic regeneration (around neck)
 q - a ring of wizardry (right hand)
 r - the cursed ring "Yciuhiud" (left hand) {rF+ MR+}
   (You bought it in a shop on level 5 of the Dungeon)

   [ring of protection from magic]

   It protects you from fire.
   It affects your resistance to hostile enchantments.
   It has a curse placed upon it.
 Q - an uncursed ring of fire
Wands
 i - a wand of paralysis (6)
 u - a wand of iceblast (7)
 x - a wand of acid (6)
 B - a wand of random effects (120)
 N - a wand of scattershot (8)
 V - a wand of polymorph (73)
 X - a wand of digging (7)
 Z - a wand of flame (59)
Scrolls
 a - 5 scrolls of silence
 d - 2 scrolls of summoning
 h - a scroll of holy word
 l - 2 scrolls of torment
 m - 6 scrolls of immolation
 s - 6 scrolls of magic mapping
 w - 4 scrolls of blinking
 y - 7 scrolls of fog
 C - 4 scrolls of remove curse
 I - 10 scrolls of teleportation
 O - 7 scrolls of fear
 P - 7 scrolls of identify
 U - 2 scrolls of vulnerability
Potions
 f - 2 potions of cancellation
 j - a potion of resistance
 p - 8 potions of haste
 A - 4 potions of ambrosia
 D - 18 potions of curing
 H - 6 potions of flight
 J - 4 potions of brilliance
 K - a potion of magic
 L - 3 potions of mutation
 M - 2 potions of might
 R - 3 potions of lignification
 S - 4 potions of invisibility
 W - 2 potions of agility
Miscellaneous
 g - a fan of gales
 E - a lightning rod (4/4)
Comestibles
 c - 31 rations


   Skills:
 - Level 11.4 Fighting
 - Level 9.1(12.0) Staves
 + Level 15.8(18.3) Dodging
 - Level 7.4(10.5) Stealth
 * Level 12.2(14.9) Shields
 * Level 19.0 Spellcasting
 - Level 7.4(10.5) Conjurations
 - Level 10.5(13.3) Hexes
 - Level 3.1(5.7) Charms
 - Level 9.1(12.0) Summonings
 - Level 2.7(5.2) Necromancy
 - Level 2.0(4.3) Translocations
   Level 6.5(9.6) Ice Magic
 * Level 17.8(20.2) Air Magic
 - Level 5.5(10.0) Evocations


You couldn't memorise any spells.
You knew the following spells:

 Your Spells              Type           Power        Failure   Level  Hunger
a - Shock                 Conj/Air       ####         0%          1    None
c - Airstrike             Air            ########..   0%          4    None
e - Lightning Bolt        Conj/Air       ########..   1%          5    None
f - Confuse               Hex            ########     0%          3    None
g - Passage of Golubria   Tloc           N/A          1%          4    None
B - Blink                 Tloc           N/A          1%          2    None
D - Static Discharge      Conj/Air       ########     0%          3    None
E - Shadow Creatures      Summ           N/A          1%          6    None
F - Cause Fear            Hex            ########..   1%          4    None
H - Silence               Hex/Air        ########..   1%          5    None
O - Shroud of Golubria    Chrm/Tloc      ######....   1%          2    None
S - Swiftness             Chrm/Air       ########     0%          2    None
T - Animate Dead          Necr           N/A          1%          4    None
U - Regeneration          Chrm/Necr      #######...   1%          3    None
W - Tornado               Air            ########..   14%         9    #######


Dungeon Overview and Level Annotations

Branches:
Dungeon (15/15)            Temple (1/1) D:5            Lair (6/6) D:9
 Shoals (4/4) Lair:2       Spider (4/4) Lair:2        Slime (0/5) Lair:6
    Orc (2/2) D:11            Elf (3/3) Orc:2        Vaults (3/5) D:13
  Crypt (0/3) Vaults:2     Depths (0/5) D:15

Altars:
Ashenzari
Cheibriados
Dithmenos
Elyvilon
Fedhas
Gozag
Hepliaklqana
Kikubaaqudgha
Makhleb
Nemelex Xobeh
Okawaru
Qazlal
Ru
Sif Muna
Trog
Uskayaw
Vehumet
Wu Jian
Xom
Yredelemnul
Zin
The Shining One
Beogh

Shops:
D:5 *(!=   D:7 %   D:8 }   D:10 *   D:13 :   Orc:2 (*%([   Elf:1 *   Shoals:3 }
Vaults:1 }*

Portals:
Trove: D:14 (give 5 potions of resistance)

Annotations:
D:12 1 runed door, exclusion: orange crystal statue
Shoals:4 Ilsuiw
Vaults:3 Sojobo; zhorgal's ghost, adept GrFi


Message History

The vault warden shoots a bolt.
You block the bolt.
Unknown command.
The orc knight roars a battlecry!
The orc goes into a battle-frenzy!
You block the orc's attack.
Unknown command.
You feel better.
The vault warden activates a sealing rune.
A door slams shut!
Unknown command.
Casting: Regeneration (safe; 1% risk of failure)
Confirm with . or Enter, or press ? or * to list all spells.
The spell is very dangerous to cast (14% risk of failure)!
Continue anyway?
You feel a strong surge of power!
A great vortex of raging winds appears and lifts you up.
You are feeling very hungry.
You kill the orc!
The orc knight closely misses you.
The vault warden shoots a bolt.
The bolt hits you!!
You die...

* , * , , , * * *
** , ,, , ,, * ,,
,* , ,,,,,,* , ,,
,, *, < ,* ,,, ,,,
*** * ∩, * ** ***
,,, ,, ' , ,, ,,
,,,, , ,, * ,* ,,
** ** ######+## *,,
+,* , ,* *,
,****#§§.....# ,* ,
**** *,*, #@§§....#
* * * , , * * ** +
#§oo....# , ,* ,,
**#§p.....# , , **
*, ,,#.......#
***## ** .... * '
+...$(..# ,...,,
....# ,, ,
*,####+######...#
....# * , ,
#)(....#...# ....#
* #####.(.){.+c###
, '#'#*
,.....+.)<(..#....,


You could see a vault warden, an orc knight and an orc.

Vanquished Creatures
  Rupert (Orc:2)
  2 deep elf blademasters
  A deep elf master archer (Elf:3)
  Frances (Spider:1)
  Kirke (Lair:6)
  Agnes (Elf:1)
  A fire giant (D:15)
  Donald (Spider:2)
  3 vault wardens (Vaults:3)
  Aizul (Elf:1)
  A frost giant (Shoals:3)
  2 ghost moths
  5 deep elf sorcerers
  6 emperor scorpions (Spider:4)
  Louise (Shoals:3)
  An orc warlord (Orc:2)
  3 deep elf elementalists (Elf:3)
  2 war gargoyles
  3 entropy weavers
  4 stone giants
  2 ironheart preservers
  8 deep elf demonologists (Elf:3)
  12 deep elf annihilators
  Nessos (D:14)
  A spark wasp (Spider:4)
  5 deep elf death magi
  A merfolk javelineer (Shoals:2)
  3 fire dragons
  5 yaktaur captains
  4 merfolk impalers
  A deep elf high priest (Elf:3)
  7 hydras
  2 ice dragons
  A vault guard (Vaults:3)
  A great orb of eyes (Vaults:3)
  Erolcha (Orc:2)
  4 rakshasas
  The ghost of ddlpg the Cleaver, a journeyman DsFi of Makhleb (Orc:2)
  3 death knights
  4 merfolk avatars
  23 dancing weapons
  7 centaur warriors
  A merfolk aquamancer (Shoals:1)
  3 ogre magi
  A satyr (Shoals:3)
  A deep troll shaman (Vaults:1)
  5 death yaks
  A deep troll earth mage (Vaults:1)
  14 two-headed ogres
  A shock serpent (shapeshifter) (D:14)
  4 orc high priests
  3 sea snakes
  15 deep elf knights
  3 deep trolls (Vaults:1)
  A glowing orange brain (Elf:1)
  A flayed ghost (Vaults:1)
  An unseen horror (D:12)
  19 deep elf archers
  8 ironbrand convokers
  4 wizards
  A harpy (shapeshifter) (Vaults:3)
  A necromancer (Vaults:2)
  59 deep elf magi
  A swamp dragon (Lair:6)
  A stone giant zombie (WizLab)
  14 orc knights
  18 harpies
  17 orb spiders
  7 orc sorcerers
  2 worldbinders (Elf:1)
  36 wolf spiders
  8 ugly things
  13 cyclopes
  9 fauns
  2 moths of wrath (shapeshifter) (Vaults:3)
  A manticore (Shoals:2)
  7 elephants
  4 water nymphs
  A centaur zombie (D:13)
  3 moths of wrath
  4 black mambas
  Maurice (D:12)
  3 human skeletons (Vaults:2)
  A guardian serpent (shapeshifter) (Vaults:1)
  A water nymph (shapeshifter) (Vaults:3)
  3 merfolk sirens
  5 vault sentinels
  Joseph (D:10)
  3 torpor snails
  16 spiny frogs
  A spiny frog (shapeshifter) (Vaults:3)
  4 rime drakes
  3 gargoyles
  A freezing wraith (D:13)
  A kobold demonologist (D:15)
  23 yaktaurs
  13 demonic crawlers
  9 komodo dragons
  2 ice devils (Orc:1)
  11 trolls
  9 polar bears (Lair:6)
  36 jumping spiders
  Prince Ribbit (D:8)
  A troll (shapeshifter) (D:14)
  20 merfolk
  A meliai (shapeshifter) (Vaults:1)
  3 meliai (D:13)
  2 wind drakes (Shoals:1)
  6 hornets
  19 slime creatures
  3 raiju (Lair:6)
  18 blink frogs
  5 snapping turtles
  16 hippogriffs
  6 dream sheep (Lair:5)
  A shadow (D:13)
  Sigmund (D:5)
  3 air elementals
  35 tarantellas
  73 redbacks
  5 wraiths
  5 water elementals
  A vampire (D:13)
  5 basilisks
  A hog (shapeshifter) (D:15)
  16 humans (D:13)
  6 wyverns
  56 yaks
  4 fire elementals
  Grum (D:8)
  5 vampire mosquitoes
  4 hungry ghosts
  2 steam dragons (Lair:6)
  A hog (Lair:6)
  The ghost of Terra the Caller, an amateur DrSu of Sif Muna (D:3)
  13 wargs
  5 acid dragons
  A soldier ant (shapeshifter) (Vaults:1)
  14 hell hounds (Lair:6)
  2 soldier ants
  9 porcupines
  Duvessa (D:6)
  16 water moccasins
  A swamp drake (Lair:6)
  39 orc warriors
  11 black bears (Lair:6)
  5 sky beasts
  2 eyes of draining
  A phantom (D:7)
  3 necrophages
  4 ice beasts
  16 ogres
  A boggart (Elf:1)
  An eye of draining (shapeshifter) (D:15)
  24 wolves
  26 centaurs
  A human zombie (Vaults:2)
  15 crocodiles
  3 big kobolds
  4 earth elementals
  21 bullfrogs
  3 wyvern skeletons
  Dowan (D:6)
  7 scorpions
  A human simulacrum (Vaults:2)
  4 electric eels
  A howler monkey (D:5)
  9 wights
  9 crimson imps
  A bullfrog zombie (D:12)
  A quasit (D:10)
  6 hounds
  7 centaur skeletons
  26 orc priests
  15 jellies
  31 orc wizards
  2 bullfrog skeletons
  Terence (D:2)
  6 iguanas
  7 worker ants
  A worker ant zombie (D:11)
  17 adders
  2 river rats (Sewer)
  6 shadow imps
  2 white imps (D:13)
  15 oozes
  2 adder skeletons
  2 worms
  3 dart slugs
  10 leopard geckos
  115 orcs
  7 ball pythons
  5 giant cockroaches
  4 goblins
  7 hobgoblins
  2 jackals (D:1)
  4 quokkas
  7 bats
  6 frilled lizards
  29 kobolds
  A quokka skeleton (D:6)
  28 rats
  3 fungi (Lair:5)
  3 plants (Lair:6)
1565 creatures vanquished.

Vanquished Creatures (collateral kills)
  An ancient lich (WizLab)
  Roxanne (Spider:1)
  A vault warden (Vaults:1)
  A stone giant (Vaults:2)
  A vault guard (Vaults:3)
  2 two-headed ogres (Vaults:2)
  A dancing weapon (Elf:1)
  A sea snake (Shoals:1)
  2 ironbrand convokers (Vaults:1)
  An orb spider (Spider:2)
  2 orc knights (Vaults:1)
  2 deep elf magi (Elf:2)
  2 fauns (Shoals:1)
  A merfolk siren (Shoals:1)
  2 yaktaurs (Vaults:1)
  A demonic crawler (Spider:2)
  3 jumping spiders
  2 slime creatures (Vaults:2)
  A redback (Spider:2)
  3 tarantellas (Spider:2)
  A water elemental (Elf:2)
  An orc warrior (Vaults:1)
  An earth elemental (Elf:1)
  A human simulacrum (Vaults:2)
  2 orcs (Vaults:1)
37 creatures vanquished.

Vanquished Creatures (others)
  An entropy weaver (Spider:2)
  A water elemental (Elf:1)
  3 humans (Lair:6)
  A water moccasin (Lair:6)
  An orc warrior (Vaults:1)
  A boggart (Elf:1)
  A ball lightning (Vaults:3)
  7 bushes (Lair:3)
  12 fungi
  32 plants
60 creatures vanquished.

Grand Total: 1662 creatures vanquished

Notes
Turn   | Place    | Note
-------+----------+-------------------------------------------
     0 | D:1      | ObsidianBottle the Deep Elf Air Elementalist began the quest for the Orb.
     0 | D:1      | Reached XP level 1. HP: 10/10 MP: 6/6
   239 | D:1      | Reached skill level 1 in Fighting
   482 | D:1      | Reached XP level 2. HP: 16/16 MP: 6/8
   486 | D:1      | Learned a level 2 spell: Swiftness
  1302 | D:1      | Reached skill level 4 in Spellcasting
  1556 | D:2      | Reached XP level 3. HP: 20/20 MP: 6/10
  1597 | D:2      | Noticed Terence
  1607 | D:2      | Killed Terence
  1612 | D:2      | Learned a level 3 spell: Static Discharge
  1781 | D:2      | Reached XP level 4. HP: 9/25 MP: 6/12
  2176 | D:2      | Learned a level 4 spell: Airstrike
  2727 | D:3      | Found an opulent altar of Gozag.
  2771 | D:3      | Noticed Terra's ghost (amateur DrSu)
  3006 | D:3      | Found a shimmering altar of Xom.
  3008 | D:3      | Found a shimmering altar of Xom.
  3008 | D:3      | Found a hide-covered altar of Uskayaw.
  3038 | D:3      | Killed Terra's ghost
  3038 | D:3      | Reached skill level 5 in Spellcasting
  3038 | D:3      | Reached XP level 5. HP: 13/29 MP: 1/14
  3040 | D:3      | Found a shadowy altar of Dithmenos.
  3040 | D:3      | Found a glowing golden altar of the Shining One.
  3040 | D:3      | Found a white marble altar of Elyvilon.
  3214 | D:3      | Found a glowing drain.
  3258 | Sewer    | Entered a sewer
  3447 | Sewer    | Reached skill level 5 in Air Magic
  3447 | Sewer    | Reached XP level 6. HP: 34/34 MP: 5/15
  4528 | D:4      | Learned a level 5 spell: Lightning Bolt
  4717 | D:4      | Reached XP level 7. HP: 38/38 MP: 0/16
  5361 | D:5      | Entered Level 5 of the Dungeon
  5583 | D:5      | Found Iddenny's Distillery.
  5587 | D:5      | Bought 2 potions of invisibility for 192 gold pieces
  5589 | D:5      | Noticed Sigmund
  5592 | D:5      | Killed Sigmund
  5592 | D:5      | Reached skill level 5 in Conjurations
  5671 | D:5      | Found Nirphes's Jewellery Boutique.
  6005 | D:5      | Found a staircase to the Ecumenical Temple.
  6048 | D:5      | Found Hihisaokli's Antique Weapon Shoppe.
  6079 | Temple   | Entered the Ecumenical Temple
  6502 | D:5      | Reached XP level 8. HP: 15/43 MP: 2/17
  6742 | D:5      | Found a shattered altar of Ashenzari.
  6802 | D:5      | Found Tavievit's Assorted Antiques.
  6831 | D:5      | Became a worshipper of Ashenzari the Shackled
  7380 | D:5      | Found a bloodstained altar of Trog.
  7388 | D:5      | Found a shadowy altar of Dithmenos.
  8368 | D:6      | Reached skill level 6 in Spellcasting
  8830 | D:6      | Noticed Duvessa
  8853 | D:6      | Noticed Dowan
  8853 | D:6      | Killed Duvessa
  8976 | D:6      | Killed Dowan
  9728 | D:6      | Reached * piety under Ashenzari
  9779 | D:6      | Reached skill level 7 in Spellcasting
 10254 | D:7      | Learned a level 3 spell: Conjure Flame
 10257 | D:7      | Learned a level 2 spell: Blink
 10311 | D:7      | Reached skill level 1 in Translocations
 10396 | D:7      | Reached XP level 9. HP: 47/47 MP: 9/22
 10766 | D:7      | Found Alojad's Food Shoppe.
 10852 | D:7      | Reached skill level 8 in Spellcasting
 11398 | D:5      | Bought a scroll of remove curse for 84 gold pieces
 11571 | D:7      | Learned a level 3 spell: Mephitic Cloud
 11855 | D:7      | Reached skill level 9 in Spellcasting
 12462 | D:8      | Noticed Grum
 12785 | D:8      | Noticed Prince Ribbit
 12790 | D:8      | Killed Prince Ribbit
 13131 | D:8      | Reached ** piety under Ashenzari
 13336 | D:8      | Found Varchasup's Gadget Shop.
 13489 | D:8      | Killed Grum
 13687 | D:8      | Noticed a cyclops
 14539 | D:8      | Found Varchasup's Gadget Shop.
 14545 | D:8      | Killed a cyclops
 14545 | D:8      | Reached XP level 10. HP: 53/53 MP: 6/25
 14783 | D:9      | Found a staircase to the Lair.
 14875 | D:9      | Noticed an elephant
 15161 | D:9      | Killed an elephant
 15161 | D:9      | Reached skill level 10 in Air Magic
 15997 | D:9      | Found a glowing golden altar of the Shining One.
 16130 | D:10     | Entered Level 10 of the Dungeon
 16214 | D:10     | Found Imimuze's Serpentskin Sales.
 16219 | D:10     | Reached skill level 10 in Spellcasting
 16403 | D:10     | Reached skill level 5 in Stealth
 16697 | D:10     | Noticed Joseph
 16703 | D:10     | Killed Joseph
 16703 | D:10     | Reached skill level 5 in Dodging
 17552 | D:10     | Reached skill level 12 in Spellcasting
 17552 | D:10     | Reached skill level 10 in Conjurations
 17552 | D:10     | Reached XP level 11. HP: 60/60 MP: 22/29
 17556 | D:10     | Learned a level 2 spell: Poisonous Vapours
 17563 | D:10     | Learned a level 6 spell: Freezing Cloud
 17631 | D:10     | Reached skill level 1 in Ice Magic
 17702 | D:10     | Reached XP level 12. HP: 64/64 MP: 4/30
 17881 | D:10     | Noticed a four-headed hydra
 17909 | D:10     | Killed a four-headed hydra
 18297 | D:11     | Reached *** piety under Ashenzari
 18441 | D:11     | Found a staircase to the Orcish Mines.
 18706 | D:11     | Reached skill level 5 in Ice Magic
 19493 | Lair:1   | Entered Level 1 of the Lair of Beasts
 19493 | Lair:1   | Noticed a five-headed hydra
 19499 | Lair:1   | Killed a five-headed hydra
 19501 | Lair:1   | Noticed a seven-headed hydra
 19628 | Lair:1   | Killed a seven-headed hydra
 19890 | Orc:1    | Entered Level 1 of the Orcish Mines
 20773 | Lair:1   | Reached **** piety under Ashenzari
 20784 | Lair:1   | Learned a level 4 spell: Cause Fear
 21350 | Lair:2   | Found a hole to the Spider Nest.
 21363 | Lair:2   | Reached skill level 1 in Hexes
 21608 | Lair:2   | Found a staircase to the Shoals.
 22002 | Lair:2   | Noticed a death yak
 22038 | Lair:2   | Killed a death yak
 22210 | Lair:2   | Reached skill level 5 in Hexes
 22210 | Lair:2   | Reached XP level 13. HP: 46/72 MP: 18/31
 22989 | D:5      | Bought an uncursed amulet of magic regeneration for 450 gold pieces
 23569 | Lair:3   | Reached skill level 5 in Fighting
 24207 | Lair:3   | Reached ***** piety under Ashenzari
 25196 | Lair:4   | Reached skill level 13 in Spellcasting
 26064 | D:5      | Bought a tubular coral ring for 140 gold pieces
 26272 | Lair:5   | Learned a level 3 spell: Regeneration
 26472 | Lair:5   | Reached skill level 1 in Evocations
 27443 | Lair:6   | Entered Level 6 of the Lair of Beasts
 27581 | Lair:5   | Reached skill level 1 in Staves
 27598 | Lair:6   | Reached XP level 14. HP: 38/80 MP: 1/33
 27897 | Lair:6   | Reached skill level 10 in Hexes
 28312 | Lair:6   | Noticed Kirke
 28595 | Lair:6   | Killed Kirke
 29255 | Lair:6   | Reached skill level 10 in Stealth
 29442 | Lair:6   | Found a staircase to the Slime Pits.
 30511 | D:12     | Noticed Maurice
 30514 | D:12     | Killed Maurice
 30585 | D:12     | Reached skill level 5 in Staves
 30641 | D:12     | Reached ****** piety under Ashenzari
 31333 | D:12     | Found a runed door.
 31984 | Orc:1    | Reached XP level 15. HP: 85/85 MP: 23/34
 32249 | Orc:2    | Entered Level 2 of the Orcish Mines
 32249 | Orc:2    | Noticed Erolcha
 32249 | Orc:2    | Noticed ddlpg's ghost (journeyman DsFi)
 32250 | Orc:2    | Killed Erolcha
 32475 | Orc:2    | Noticed Rupert
 32482 | Orc:2    | Killed Rupert
 32591 | Orc:1    | Reached skill level 14 in Spellcasting
 33117 | Orc:2    | Killed ddlpg's ghost
 33145 | Orc:2    | Found a staircase to the Elven Halls.
 33266 | Orc:2    | Found a roughly hewn altar of Beogh.
 33341 | Orc:2    | Found Jill's Assorted Antiques.
 33349 | Orc:2    | Bought a scroll labeled YNTEJA KEABLIPTER for 28 gold pieces
 33349 | Orc:2    | Bought a ring mail for 112 gold pieces
 33349 | Orc:2    | Bought a white potion for 25 gold pieces
 33363 | Orc:2    | Found Usas's Food Shoppe.
 33601 | Orc:2    | Noticed an orc warlord
 33624 | Orc:2    | Killed an orc warlord
 33713 | Orc:2    | Found a roughly hewn altar of Beogh.
 34013 | Orc:2    | Found Ceddyodgh's Antique Weapon Boutique.
 34013 | Orc:2    | Found a roughly hewn altar of Beogh.
 34016 | Orc:2    | Found Nyvewn's Antique Armour Shop.
 34392 | Orc:2    | Found a roughly hewn altar of Beogh.
 34411 | Orc:2    | Found Zemmip's Weapon Emporium.
 34896 | D:13     | Found a gate to the Vaults.
 34902 | D:13     | Reached skill level 15 in Spellcasting
 35668 | D:13     | Learned a level 6 spell: Shadow Creatures
 35730 | D:13     | Reached skill level 16 in Spellcasting
 35730 | D:13     | Reached skill level 1 in Summonings
 35800 | D:13     | Found Tafeif's Book Emporium.
 36192 | D:14     | Found a portal to a secret trove of treasure.
 36317 | D:14     | Noticed Nessos
 36418 | D:14     | Killed Nessos
 37364 | D:15     | Entered Level 15 of the Dungeon
 37412 | D:15     | Reached skill level 5 in Summonings
 37720 | D:15     | Found a staircase to the Depths.
 37720 | D:15     | Noticed a fire giant
 37755 | D:15     | Killed a fire giant
 37963 | D:15     | Reached XP level 16. HP: 90/90 MP: 16/38
 38043 | D:15     | Identified a scroll of acquirement
 38045 | D:15     | Identified ObsidianBottle's Papyrus of Lethal Earth (You acquired it on level 15 of the Dungeon)
 38493 | D:15     | Learned a level 3 spell: Confuse
 38685 | Spider:1 | Entered Level 1 of the Spider Nest
 38712 | Shoals:1 | Entered Level 1 of the Shoals
 38771 | Shoals:1 | Got the uncursed cloak of the Thunderstorm {Dex+2 SInv}
 38782 | Shoals:1 | Identified the +1 cloak of the Thunderstorm {Dex+2 SInv} (You found it on level 1 of the Shoals)
 39511 | Shoals:1 | Reached skill level 17 in Spellcasting
 40000 | Shoals:1 | Learned a level 2 spell: Shroud of Golubria
 41759 | Shoals:3 | Found Zyema's Gadget Boutique.
 41791 | Shoals:3 | Learned a level 4 spell: Animate Dead
 41833 | Shoals:3 | Reached skill level 1 in Necromancy
 42095 | Shoals:3 | Noticed Louise
 42096 | Shoals:3 | Killed Louise
 42096 | Shoals:3 | Reached skill level 10 in Dodging
 42303 | D:5      | Bought an uncursed ring of protection from cold for 375 gold pieces
 42870 | Shoals:3 | Reached skill level 5 in Evocations
 43463 | Shoals:3 | Got the uncursed shield "Romoz" {Slay+2}
 43470 | Shoals:3 | Identified the +3 shield "Romoz" {Slay+2} (You found it on level 3 of the Shoals)
 43582 | Shoals:3 | Reached skill level 1 in Shields
 43716 | Shoals:4 | Entered Level 4 of the Shoals
 43982 | Shoals:4 | Noticed Ilsuiw
 44980 | Spider:1 | Reached XP level 17. HP: 57/96 MP: 22/40
 45153 | Lair:2   | Reached skill level 5 in Shields
 45377 | Spider:1 | Noticed Frances
 45382 | Spider:1 | Killed Frances
 45552 | Spider:1 | Noticed Roxanne
 45989 | Spider:1 | Killed Roxanne
 46053 | Spider:1 | Identified Roxanne's Grimoire of Moulding (You took it off Roxanne on level 1 of the Spider Nest)
 46683 | Spider:2 | Noticed Donald
 46700 | Spider:2 | Killed Donald
 50215 | Spider:4 | Entered Level 4 of the Spider Nest
 52298 | Spider:4 | Reached XP level 18. HP: 68/105 MP: 39/41
 52926 | Spider:4 | Got a gossamer rune of Zot
 53440 | D:13     | Bought a book of Spatial Translocations for 845 gold pieces
 53644 | D:5      | Learned a level 4 spell: Passage of Golubria
 53807 | Vaults:1 | Entered Level 1 of the Vaults
 53970 | Vaults:1 | Found Izogh's Assorted Antiques.
 53985 | Vaults:1 | Bought a wavering granite ring for 195 gold pieces
 53985 | Vaults:1 | Identified the ring of Sin {Wiz MR+ Int+2 Dex-5} (You bought it in a shop on level 1 of the Vaults)
 54988 | Vaults:1 | Found Xown's Gadget Shoppe.
 55584 | Vaults:1 | Reached skill level 18 in Spellcasting
 56284 | Vaults:2 | Reached skill level 10 in Fighting
 57368 | Vaults:1 | Learned a level 5 spell: Silence
 57491 | Elf:1    | Entered Level 1 of the Elven Halls
 57491 | Elf:1    | Noticed Agnes
 57500 | Elf:1    | Killed Agnes
 57620 | Elf:1    | Noticed Aizul
 57639 | Elf:1    | Killed Aizul
 58425 | Elf:1    | Reached XP level 19. HP: 85/113 MP: 28/43
 58806 | Elf:1    | Reached skill level 10 in Shields
 59366 | Elf:1    | Found Ablacen's Assorted Antiques.
 59633 | Elf:1    | Identified the Incunabulum of Companions
 60266 | Elf:2    | Found a magical portal.
 60276 | WizLab   | Entered Doroklohe's Tomb
 60307 | WizLab   | Noticed an ancient lich
 60415 | WizLab   | Killed an ancient lich
 60505 | WizLab   | Identified the +3 plate armour of Resonance {rElec Str+4}
 60869 | D:5      | Bought the ring "Yciuhiud" {rF+ MR+} for 585 gold pieces
 61261 | Elf:2    | Found a runed gate.
 61271 | Elf:2    | Found a runed gate.
 61272 | Elf:2    | Found a runed gate.
 61341 | Elf:2    | Got the uncursed leather armour of the Hall of Blades {Stlth+}
 61347 | Elf:2    | Identified the +2 leather armour of the Hall of Blades {Stlth+} (You took it off a deep elf archer on level 2 of the Elven Halls)
 62491 | Elf:3    | Entered Level 3 of the Elven Halls
 62562 | Elf:3    | Reached skill level 15 in Air Magic
 63562 | Elf:3    | Reached skill level 15 in Dodging
 63573 | Elf:3    | Identified the amulet of Joob {+Rage rElec rC+ Int+4} (You took it off a deep elf annihilator on level 3 of the Elven Halls)
 63652 | Elf:3    | Identified the +7 rapier of Plunder {vamp, +Blink Stlth+} (You took it off a deep elf annihilator on level 3 of the Elven Halls)
 64477 | Elf:3    | Reached XP level 20. HP: 120/120 MP: 44/44
 64500 | Elf:2    | Identified the cursed +2 broad axe of Attainder {speed, +Inv rC+ Int+2} (You took it off a deep elf archer on level 2 of the Elven Halls)
 65218 | Elf:3    | Identified the cursed ring "Dupn" {rElec MR+ Dex-2} (You took it off a deep elf elementalist on level 3 of the Elven Halls)
 65730 | Elf:3    | Identified the ring of Ucheaki {Fire *Contam rElec rPois Dex+7} (You took it off an orc warrior on level 3 of the Elven Halls)
 65782 | Elf:3    | Identified the Compendium of Harmful Benedictions
 65942 | Elf:3    | Got the uncursed robe of the Moon {Int+4}
 65948 | Elf:3    | Identified the +2 robe of the Moon {Int+4} (You took it off a deep elf annihilator on level 3 of the Elven Halls)
 67984 | Vaults:2 | Found a staircase to the Crypt.
 68832 | Vaults:3 | Noticed zhorgal's ghost (adept GrFi)
 69165 | Vaults:3 | Noticed Sojobo
 70102 | Vaults:2 | Reached skill level 19 in Spellcasting
 70176 | Vaults:1 | Learned a level 9 spell: Tornado
 70478 | Vaults:3 | Shot with a bolt by a vault warden

Vault maps used:
D:1:      eino_arrival_cavern_b, hangedman_decor_slide_cut,
          nrook_mini_backslash, minmay_tromino_v4_c
D:2:      uniq_terence
D:3:      doesnt_xom_only_xom, first_ration, gup_sewer_entry_bowl,
          nicolae_gozag_seed_capital
D:4:      kennysheep_generic_room_11
D:5:      minitemple, lemuel_doored_altar, minmay_temple_entry_trees,
          serial_shops, shop, nicolae_shop_stone, nicolae_shop_statue_plus,
          shop_fountains, uniq_sigmund
D:6:      serial_bayou, serial_bayou_lake_a, serial_bayou_pond_c,
          serial_bayou_shore_b, minmay_misc_feat_alley, uniq_duvessa
D:7:      serial_shops, shop
D:8:      serial_shops, nicolae_shop_stone, blue_anna_alchemist, uniq_grum,
          uniq_prince_ribbit1
D:9:      nicolae_tso_swordbearing_angel, david_lair_generic
D:10:     guppyfry_shop_venom, uniq_joseph
D:11:     orc_0_dummy
D:12:     minmay_crystal_box, uniq_maurice
D:13:     david_vaults_3, serial_shops, shop, minmay_nine_imps
D:14:     nicolae_trove_entry_columns, hangedman_abyss_or_decor_stagger,
          lemuel_another_geyser, uniq_nessos
D:15:     grunt_enter_depths_giant_problem, serial_park_tiny_2, spider_trap
Temple:   minmay_crystal_spiral_temple
Lair:1:   ldierk_geyser
Lair:2:   minmay_shoals_entry_centaurs, dummy_spider_entry,
          serial_bayou_lagoon_a, beast_lair_carwin_7
Lair:3:   minmay_hedge_maze, minivault_27, beast_lair_carwin_6
Lair:5:   lemuel_slime
Lair:6:   hangedman_lair_caniforms_friends, guppyfry_lair_end_dragon,
          nicolae_slime_entry_slimehenge, infiniplex_staircase_pool_2,
          uniq_kirke
Shoals:3: serial_shops, shop_fountains, st_cyclops, uniq_louise
Shoals:4: shoals_end_simple, shoals_ilsuiw_ice
Spider:1: uniq_frances, uniq_roxanne
Spider:2: nicolae_orb_stairs, uniq_donald
Spider:3: nicolae_spider_stair_cavern
Spider:4: grunt_spider_rune_circles, spider_trap
Orc:1:    portal_ice_cave_demonic_guard
Orc:2:    grunt_orc_community_town_hall, grunt_orc_community_big_house_2,
          grunt_orc_community_big_house_2, grunt_orc_community_house_3,
          grunt_orc_community_house_1, grunt_orc_community_house_2,
          grunt_orc_community_house_3, grunt_orc_community_house_2,
          serial_shops, shop, uniq_rupert, uniq_erolcha
Elf:1:    minmay_elf_arrival_plus, serial_shops,
          nicolae_shop_overgrown_old_shop, evilmike_minifort,
          hangedman_research_convocations, uniq_agnes, uniq_aizul
Elf:2:    mu_enter_wizlab_3, minmay_misc_feat_columns
Elf:3:    grunt_elf_hall_spiral, minivault_24
Vaults:1: v_misc_17, nicolae_vaults_network_barrier, kb_rosetta,
          nicolae_vaults_network_s, grunt_vaults_diagonal, vaults_room_fours,
          vaults_standard_mumra_x, v_alt_pattern_5, hangedman_vaults_slice,
          serial_shops, nicolae_shop_trees, nicolae_shop_overgrown_old_shop
Vaults:2: blue_anna_dwarven_crypt, v_alt_pattern_6, vaults_room_pool,
          v_alt_pattern_6, vaults_standard_mumra_lines, nicolae_vaults_big_ls,
          vaults_room_hallway, v_misc_14
Vaults:3: nicolae_vaults_what_the_h, hangedman_vaults_variations, v_rooms_6,
          nicolae_vaults_fighting_squares, hangedman_vaults_maws,
          stair_cage_open, v_misc_2, vaults_mumra_hex,
          nicolae_vaults_little_squares_4, nicolae_vaults_specimen_jars,
          grunt_vaults_bifocal, nicolae_vaults_little_ls, serial_ice_h,
          nicolae_vaults_little_squares_6, nicolae_vaults_little_squares_3,
          serial_shops, shop, uniq_xtahua, uniq_sojobo
Sewer:    sewer_minmay_treatment
WizLab:   wizlab_doroklohe

Skill      XL: |  1  2  3  4  5  6  7  8  9 10 11 12 13 14 15 16 17 18 19 20 |
---------------+-------------------------------------------------------------+-----
Fighting       | 1 2 3 4 6 7 9 10 11 | 11.4
Spellcasting   | 4 5 7 9 12 13 16 17 18 19 | 19.0
Charms         | 3 |  3.1
Air Magic      | 4 5 6 7 9 11 12 16 17 | 17.8
Conjurations   | 3 6 8 10 7 |  7.4
Translocations | 1 2 |  2.0
Dodging        | 3 5 6 8 9 10 12 14 15 | 15.8
Stealth        | 3 5 7 9 10 7 |  7.4
Ice Magic      | 2 9 6 |  6.5
Hexes          | 5 9 10 | 10.5
Evocations     | 2 4 5 |  5.5
Staves         | 1 6 9 |  9.1
Summonings     | 6 9 |  9.1
Necromancy     | 2 |  2.7
Shields        | 4 8 9 11 12 | 12.2

Action                   |  1- 3 |  4- 6 |  7- 9 | 10-12 | 13-15 | 16-18 | 19-21 || total
-------------------------+-------+-------+-------+-------+-------+-------+-------++-------
Melee: Trident           |     4 |    54 |    23 |       |       |       |       ||    81
       Scythe            |       |       |    55 |    44 |     9 |       |       ||   108
       Staff             |       |       |       |       |   891 |  1442 |   798 ||  3131
Throw: Throwing net      |       |       |       |       |       |     1 |       ||     1
 Cast: Shock             |    71 |   104 |    50 |    44 |   111 |    38 |    10 ||   428
       Static Discharge  |     1 |     9 |     5 |     4 |    10 |    18 |     2 ||    49
       Swiftness         |     1 |       |       |       |     1 |       |       ||     2
       Airstrike         |       |     8 |   110 |   156 |   358 |   319 |   208 ||  1159
       Lightning Bolt    |       |       |    16 |    11 |    92 |   150 |    58 ||   327
       Conjure Flame     |       |       |     4 |     1 |     2 |       |       ||     7
       Blink             |       |       |     1 |     2 |     1 |     1 |     2 ||     7
       Poisonous Vapours |       |       |       |    53 |    74 |    20 |       ||   147
       Freezing Cloud    |       |       |       |    23 |    61 |    27 |     9 ||   120
       Cause Fear        |       |       |       |       |    32 |   109 |    14 ||   155
       Regeneration      |       |       |       |       |     6 |    76 |    28 ||   110
       Shroud of Golubri |       |       |       |       |       |    64 |    22 ||    86
       Shadow Creatures  |       |       |       |       |       |    43 |    21 ||    64
       Confuse           |       |       |       |       |       |    27 |     2 ||    29
       Mephitic Cloud    |       |       |       |       |       |     1 |       ||     1
       Animate Dead      |       |       |       |       |       |     5 |     3 ||     8
       Silence           |       |       |       |       |       |     4 |    28 ||    32
       Passage of Golubr |       |       |       |       |       |       |     3 ||     3
       Tornado           |       |       |       |       |       |       |     3 ||     3
Invok: Curse Item        |       |       |     4 |       |     2 |     1 |     1 ||     8
       Scrying           |       |       |       |       |     2 |     2 |     4 ||     8
       Transfer Knowledg |       |       |       |       |       |       |     3 ||     3
Evoke: Wand              |       |       |     4 |     5 |     5 |    10 |     9 ||    33
       Lightning rod     |       |       |       |       |       |       |     7 ||     7
       Fan of gales      |       |       |       |       |       |       |     1 ||     1
  Use: Scroll            |       |     6 |     4 |    10 |    15 |    12 |     2 ||    49
       Potion            |       |     6 |     4 |     1 |     2 |     1 |    11 ||    25
 Stab: Sleeping          |       |       |       |       |     9 |     6 |     2 ||    17
       Distracted        |       |       |       |       |     1 |     5 |     4 ||    10
       Confused          |       |       |       |       |       |    26 |     1 ||    27
       Paralysed         |       |       |       |       |       |     5 |       ||     5
       Fleeing           |       |       |       |       |       |     1 |       ||     1
  Eat: Chunk             |     2 |     7 |    19 |    16 |    53 |    18 |    11 ||   126
       Ration            |       |     1 |     7 |     4 |     4 |    16 |     9 ||    41
Armor: Robe              |    11 |    32 |    23 |     7 |       |       |    27 ||   100
       Troll leather arm |       |       |       |    37 |   198 |    77 |       ||   312
       Leather armour    |       |       |       |       |       |   314 |    61 ||   375
Dodge: Dodged            |    18 |   107 |   100 |   120 |   773 |  1056 |   326 ||  2500
Block: Shield            |       |       |       |       |       |  1008 |   416 ||  1424

Table legend:
 A = Spawn XP
 B = Non-spawn XP
 C = Spawn XP percentage of total XP
 D = Spawn monster count
 E = Non-spawn monster count
 F = Spawn count percentage of total count
 G = Total turns spent on level
                    A         B        C        D         E        F      G
               +---------+---------+-------+---------+---------+-------+---------
         Total |       0 |  538199 |   0.0 |       0 |    1598 |   0.0 | 70478
               +---------+---------+-------+---------+---------+-------+---------
           D:1 |       0 |      39 |   0.0 |       0 |      24 |   0.0 |  1535
           D:2 |       0 |     100 |   0.0 |       0 |      21 |   0.0 |  1274
           D:3 |       0 |     215 |   0.0 |       0 |      14 |   0.0 |   802
           D:4 |       0 |     485 |   0.0 |       0 |      10 |   0.0 |  1190
           D:5 |       0 |     578 |   0.0 |       0 |      13 |   0.0 |  2261
           D:6 |       0 |     891 |   0.0 |       0 |      17 |   0.0 |  2678
           D:7 |       0 |    1210 |   0.0 |       0 |      25 |   0.0 |  2371
           D:8 |       0 |    2341 |   0.0 |       0 |      25 |   0.0 |  2518
           D:9 |       0 |    1854 |   0.0 |       0 |      21 |   0.0 |  2149
          D:10 |       0 |    4442 |   0.0 |       0 |      33 |   0.0 |  2352
          D:11 |       0 |    3365 |   0.0 |       0 |      34 |   0.0 |  1774
          D:12 |       0 |    7511 |   0.0 |       0 |      35 |   0.0 |  1230
          D:13 |       0 |   15498 |   0.0 |       0 |      82 |   0.0 |  1566
          D:14 |       0 |    9198 |   0.0 |       0 |      30 |   0.0 |  1107
          D:15 |       0 |    9988 |   0.0 |       0 |      27 |   0.0 |  1165
        Lair:1 |       0 |    6657 |   0.0 |       0 |      25 |   0.0 |  1631
        Lair:2 |       0 |   16917 |   0.0 |       0 |      57 |   0.0 |  2684
        Lair:3 |       0 |    9005 |   0.0 |       0 |      33 |   0.0 |  1434
        Lair:4 |       0 |    4418 |   0.0 |       0 |      18 |   0.0 |  1265
        Lair:5 |       0 |    7561 |   0.0 |       0 |      46 |   0.0 |  1292
        Lair:6 |       0 |   29973 |   0.0 |       0 |     120 |   0.0 |  2765
      Shoals:1 |       0 |   14510 |   0.0 |       0 |      32 |   0.0 |  2280
      Shoals:2 |       0 |   10590 |   0.0 |       0 |      21 |   0.0 |  1187
      Shoals:3 |       0 |   23225 |   0.0 |       0 |      38 |   0.0 |  1607
      Shoals:4 |       0 |    1199 |   0.0 |       0 |       2 |   0.0 |    39
      Spider:1 |       0 |   15180 |   0.0 |       0 |      36 |   0.0 |  1733
      Spider:2 |       0 |   15908 |   0.0 |       0 |      45 |   0.0 |  1270
      Spider:3 |       0 |   15683 |   0.0 |       0 |      46 |   0.0 |  2650
      Spider:4 |       0 |   38006 |   0.0 |       0 |      85 |   0.0 |  2339
         Orc:1 |       0 |    8229 |   0.0 |       0 |      51 |   0.0 |  1539
         Orc:2 |       0 |   14204 |   0.0 |       0 |      95 |   0.0 |  1590
         Elf:1 |       0 |   32170 |   0.0 |       0 |      51 |   0.0 |  2531
         Elf:2 |       0 |   41320 |   0.0 |       0 |      58 |   0.0 |  2891
         Elf:3 |       0 |   61314 |   0.0 |       0 |      67 |   0.0 |  3499
      Vaults:1 |       0 |   30016 |   0.0 |       0 |      69 |   0.0 |  2461
      Vaults:2 |       0 |   47139 |   0.0 |       0 |      91 |   0.0 |  3793
      Vaults:3 |       0 |   30269 |   0.0 |       0 |      51 |   0.0 |   688
         Sewer |       0 |     192 |   0.0 |       0 |      48 |   0.0 |   921
        WizLab |       0 |    6799 |   0.0 |       0 |       2 |   0.0 |   246
               +---------+---------+-------+---------+---------+-------+---------
